 Dungeon Crawl Stone Soup version 0.27.1-34-g3ba077fa99 (webtiles) character file.

Game seed: 9034609517502730871

194 Mattiprrivan the Chopper (level 5, -9/41 HPs)
             Began as a Draconian Berserker on Sept 25, 2021.
             Was a Priest of Trog.
             Mangled by Pikel (15 damage)
             ... on level 4 of the Dungeon on Jan 8, 2022.
             The game lasted 00:18:37 (3067 turns).

Mattiprrivan the Chopper (Draconian Berserker)      Turns: 3067, Time: 00:18:38

Health: -9/41      AC:  6    Str: 20    XL:     5   Next: 44%
Magic:  5/5        EV: 12    Int:  7    God:    Trog [***...]
Gold:   129        SH:  0    Dex: 11    Spells: 4/4 levels left

rFire    x x .     SeeInvis .   a - +0 hand axe
rCold    + + .     Faith    .   (no shield)
rNeg     . . .     Spirit   .   (armour unavailable)
rPois    .         Reflect  .   (helmet restricted)
rElec    .         Harm     .   (no cloak)
rCorr    .         Rampage  .   (no gloves)
Will     .....                  g - +0 pair of boots
Stlth    +.........             (no amulet)
HPRegen  0.13/turn              e - ring of ice
MPRegen  0.09/turn              c - ring of ice

@: on berserk cooldown, slowed, very slow
A: AC +5, unfitting armour, cold-blooded, stinger 1, frail 1
a: Renounce Religion, Berserk, Trog's Hand


You were on level 4 of the Dungeon.
You worshipped Trog.
Trog was most pleased with you.
You visited 1 branch of the dungeon, and saw 4 of its levels.

You collected 129 gold pieces.

Inventory:

Hand Weapons
 a - a +0 hand axe (weapon)
Missiles
 b - a throwing net (quivered)
Armour
 g - a +0 pair of boots (worn)
Jewellery
 c - a ring of ice (right hand)
 e - a ring of ice (left hand)
Wands
 f - a wand of paralysis (10)
Scrolls
 h - a scroll of immolation
Potions
 d - a potion of curing


   Skills:
 * Level 4.2 Fighting
 * Level 4.2 Axes
 * Level 1.0 Throwing
 * Level 3.6 Dodging
 * Level 1.1 Stealth
 * Level 1.1 Unarmed Combat
 * Level 0.7 Evocations


You had 4 spell levels left.
You didn't know any spells.
Your spell library was empty.

Dungeon Overview and Level Annotations

Branches:
Dungeon (4/15)
 Temple: D:4-7

Altars:
Hepliaklqana
Uskayaw

Annotations:
D:4 Pikel


Innate Abilities, Weirdness & Mutations

Your plain brown scales are hard. (AC +5)
You cannot fit into any form of body armour.
You are cold-blooded and may be slowed by cold attacks.
Your tail ends in a poisonous barb.
You are frail. (-10% HP)


Message History

You kill the lemure!
That felt strangely unrewarding.
You closely miss Pikel. You hit the lemure.
You kill the lemure!
That felt strangely unrewarding.
You slash Pikel!
Pikel is moderately wounded.
You closely miss the orc.
Pikel drinks a potion.
Pikel seems to grow stronger.
The orc hits you but does no damage.
You barely miss Pikel.
Pikel is moderately wounded.
You hit the orc but do no damage.
You kill the lemure!
That felt strangely unrewarding.
You closely miss Pikel.
Pikel is moderately wounded.
You closely miss the orc.
Pikel zaps a wand.
The puff of flame misses you. The orc hits you but does no damage.
You slash Pikel!
Your tail-slap misses Pikel.
Pikel is heavily wounded.
You hit the orc.
Pikel hits you with a +1 whip of flaming.
Pikel burns you. The orc closely misses you.
You barely miss Pikel.
Pikel is heavily wounded.
You closely miss the orc. You slash Pikel! You tail-slap Pikel.
Pikel is poisoned.
Pikel is severely wounded.
You hit the orc.
You kill the orc!
Trog accepts your kill.
You are no longer berserk.
You are exhausted.
You feel yourself slow down. Pikel completely misses you.
You hit Pikel.
Pikel is almost dead.
Pikel zaps a wand.
The puff of flame hits you! The fire burns you terribly!
* * * LOW HITPOINT WARNING * * *
Pikel hits you with a +1 whip of flaming!
You die...

.# ... #.# #.#
#.# ..###+##.# ##
.........# <..
.......@.#####.##
.......)K.......(
...:......##.....
.............5...
........#........
.........<.......
########.........
...........
####........


You could see Pikel (strong, poisoned).

Vanquished Creatures
  4 lemures (D:4)
  A hound (D:3)
  6 adders
  A worm (D:3)
  2 dart slugs
  13 orcs
  7 endoplasms
  5 giant cockroaches
  3 goblins
  7 hobgoblins
  6 jackals (D:1)
  9 kobolds
  2 quokkas
  9 ball pythons
  6 bats
  2 frilled lizards (D:2)
  7 rats
90 creatures vanquished.

Notes
Turn   | Place    | Note
-------+----------+-------------------------------------------
     0 | D:1      | Mattiprrivan the Draconian Berserker began the quest for
                  | the Orb.
     0 | D:1      | Reached XP level 1. HP: 19/19 MP: 1/1
   194 | D:1      | Gained mutation: Your tail ends in a poisonous barb.
                  | [potion of mutation]
   194 | D:1      | Gained mutation: You are frail. (-10% HP) [potion of
                  | mutation]
   223 | D:1      | Reached XP level 2. HP: 22/23 MP: 2/2
   441 | D:1      | Found a faded altar of an unknown god.
   480 | D:1      | Reached ** piety under Trog
   481 | D:1      | Upgraded the game from 0.27.1-2-g3b301248ec to
                  | 0.27.1-34-g3ba077fa99
   481 | D:1      | Reached XP level 3. HP: 24/29 MP: 3/3
  1434 | D:2      | Reached XP level 4. HP: 26/36 MP: 4/4
  1535 | D:2      | Found a hazy altar of Hepliaklqana.
  1950 | D:3      | Found a hide-covered altar of Uskayaw.
  2103 | D:3      | Reached skill level 1 in Unarmed Combat
  2149 | D:3      | Reached *** piety under Trog
  2526 | D:3      | Reached XP level 5. HP: 29/41 MP: 5/5
  2680 | D:3      | Reached skill level 1 in Stealth
  3041 | D:4      | Noticed Pikel
  3041 | D:4      | Noticed a lemure
  3041 | D:4      | Noticed a lemure
  3041 | D:4      | Noticed a lemure
  3041 | D:4      | Noticed a lemure
  3050 | D:4      | Reached skill level 1 in Throwing
  3052 | D:4      | Killed a lemure
  3059 | D:4      | Killed a lemure
  3060 | D:4      | Killed a lemure
  3062 | D:4      | Killed a lemure
  3067 | D:4      | Mangled by Pikel

Illustrated notes

Levels and vault maps discovered:
D:1:      evilmike_arrival_crescent, layout_basic,
          shapermc_ecumenical_altar_venn
D:2:      layout_rooms, basic_altar, grunt_decor_fettered, grunt_ministairs_15,
          minmay_fountain_box
D:3:      layout_rooms, overflow_temple_1_default, minmay_quadrilaterals
D:4:      layout_basic, elyvilon_altar_5, overflow_temple_1_default,
          serial_rivers, chequers_serial_rivers_small_b,
          chequers_serial_rivers_micro_d, chequers_serial_rivers_small_b,
          chequers_serial_rivers_room_b, uniq_robin, uniq_pikel,
          uniq_crazy_yiuf_cottage, uniq_blork_the_orc

Skill      XL: |  1  2  3  4  5 |
---------------+----------------+-----
Dodging        | 3 |  3.6
Unarmed Combat | 1 |  1.1
Fighting       | 4 |  4.2
Axes           | 4 |  4.2
Stealth        | 1 |  1.1
Throwing       | 1 |  1.0
Evocations     | |  0.7

Action                   |  1- 3 |  4- 6 || total
-------------------------+-------+-------++-------
Melee: Hand axe          |   123 |   127 ||   250
       Tailslap          |    10 |    19 ||    29
       Punch             |     1 |       ||     1
Throw: Throwing net      |     2 |     1 ||     3
Invok: Berserk           |       |     2 ||     2
  Use: Potion            |     6 |     2 ||     8
       Scroll            |     3 |     2 ||     5
Armor: Skin              |    48 |    29 ||    77
Dodge: Dodged            |    89 |    65 ||   154
